[Event "110th Anniversary WIM 2020"]
[Site "Hilleroed"]
[Date "2020.02.15"]
[Round "9.2"]
[White "Baliuniene, Margarita"]
[Black "Nastase, Andreea-Cristina"]
[Result "1-0"]
[ECO "D48"]
[WhiteElo "1982"]
[BlackElo "2090"]
[Annotator "NA"]
[PlyCount "71"]
[EventDate "2020.02.08"]
[EventType "tourn"]
[EventCountry "DEN"]
[SourceTitle "playchess.com"]
[Source "ChessBase"]
[SourceQuality "1"]
[TimeControl "40/5400+30:1800+30"]

1. d4 d5 2. c4 c6 3. e3 Nf6 4. Nc3 e6 5. Nf3 Nbd7 6. Bd3 dxc4 7. Bxc4 b5 8. Bd3 a6 9. O-O c5 10. b3 Bb7 11. Bb2 Bd6 {[%emt 0:02:05] D48: Semi-Slav: Meran System: 7...b5 8 Bd3 a6.} 12. Rc1 O-O 13. Qe2 cxd4 14. exd4 {[%emt 0:02:16] [#]} Nb6 $146 ({Predecessor:} 14... Ra7 15. Ng5 Bf4 16. Nxe6 fxe6 17. Qxe6+ Kh8 18. Rce1 Qc7 19. Ba3 Qxc3 20. Bxf8 Nxf8 {0-1 (27) Hansen,O-Adnoy,H (2185) Oslo 2001}) 15. Ne5 Nbd5 16. Nxd5 Nxd5 17. g3 f5 18. Rce1 Rf6 19. Bc1 (19. f3 $1 $11) 19... h6 20. f4 ({Better is} 20. Bd2 $15) 20... Nb4 ({Black should play} 20... Nc3 $17 21. Qe3 Nxa2) 21. Bb1 Bxe5 22. dxe5 {[%emt 0:05:17] [#]} Rf7 $1 23. Qd2 $2 {[%emt 0:05:47] [#]} (23. Rd1 $17 Qb6+ 24. Be3) 23... Qb6+ $1 24. Rf2 {[%emt 0:01:41] [#]} a5 $2 (24... Qc6 $1 $19 25. Kf1 Rd7 26. Qxb4 a5) 25. Qd6 Qxd6 (25... Qd8 $11) 26. exd6 Bd5 27. Bb2 Rd8 {[%emt 0:07:40] [#]} 28. Be5 $1 Rb7 29. Rc1 Nc6 (29... g6 $16 30. Rd2 Kf7) 30. Rd2 Na7 {[%emt 0:04:07] [#]} (30... Rb6 {is a better defense.} 31. Bxf5 a4 32. bxa4 bxa4) 31. Bxf5 $1 Kf7 32. Bh3 g5 33. Kf2 b4 $18 34. Bf1 Nc8 35. Ba6 Rb8 36. d7 1-0

[Event "110th Anniversary WIM 2020"]
[Site "Hilleroed"]
[Date "2020.02.15"]
[Round "9.3"]
[White "Kejzar, Petra"]
[Black "Stanford, Sheila Barth"]
[Result "0-1"]
[ECO "D00"]
[WhiteElo "2072"]
[BlackElo "2145"]
[Annotator "ChessBase"]
[PlyCount "78"]
[EventDate "2020.02.08"]
[EventType "tourn"]
[EventCountry "DEN"]
[SourceTitle "playchess.com"]
[Source "ChessBase"]
[SourceQuality "1"]
[TimeControl "40/5400+30:1800+30"]

1. d4 Nf6 2. Nc3 d5 3. Bf4 Bf5 4. e3 c6 5. f3 h5 6. Bd3 Bxd3 7. Qxd3 e6 8. e4 Be7 9. Nge2 dxe4 10. fxe4 Nbd7 11. O-O-O Qa5 12. Kb1 O-O-O 13. h3 h4 14. Bh2 e5 15. Qf3 Bd6 16. Rhf1 Rde8 17. d5 c5 18. Qd3 a6 19. Ng1 Rh6 20. Nf3 Qc7 21. Rde1 c4 22. Qe2 Bb4 23. Bg1 Nh5 24. Bh2 Rb6 25. Ka1 Bxc3 26. bxc3 Nf4 27. Qd2 f6 28. Nxh4 Rb5 29. Rb1 Nc5 30. Rfe1 Rxb1+ 31. Kxb1 Na4 32. Ka1 Qa5 33. Rb1 Nxc3 34. Rb2 Nfe2 35. Nf5 Rd8 36. d6 Qa3 37. Ne7+ Kd7 38. Rxb7+ Ke6 39. Rb2 Rb8 0-1

[Event "110th Anniversary WIM 2020"]
[Site "Hilleroed"]
[Date "2020.02.15"]
[Round "9.4"]
[White "Berke, Ana"]
[Black "Miturova, Magdalena"]
[Result "1/2-1/2"]
[ECO "D02"]
[WhiteElo "2152"]
[BlackElo "2185"]
[Annotator "ChessBase"]
[PlyCount "100"]
[EventDate "2020.02.08"]
[EventType "tourn"]
[EventCountry "DEN"]
[SourceTitle "playchess.com"]
[Source "ChessBase"]
[SourceQuality "1"]
[TimeControl "40/5400+30:1800+30"]

1. d4 Nf6 2. Bf4 e6 3. e3 d5 4. c3 Bd6 5. Bg3 O-O 6. Nd2 c5 7. Ngf3 Nc6 8. Bd3 b6 9. e4 Be7 10. Ne5 Bb7 11. Nxc6 Bxc6 12. e5 Ne4 13. Qe2 cxd4 14. cxd4 Bb4 15. Bxe4 dxe4 16. a3 Bxd2+ 17. Qxd2 Bb5 18. f3 Qd5 19. Qe3 exf3 20. gxf3 Rac8 21. Kd2 Rc4 22. Bf2 Rfc8 23. Rhc1 Qc6 24. Rc3 Rxc3 25. Qxc3 Qd7 26. Qe3 Ba6 27. Rc1 Qb5 28. Rxc8+ Bxc8 29. b3 Bb7 30. Kc2 Qf1 31. Kb2 Qg2 32. h4 Bxf3 33. a4 h6 34. Ka3 Bd5 35. Kb2 Qf1 36. Qe1 Qd3 37. Qe3 Qd1 38. Bg3 Qh1 39. Bf2 Be4 40. Qe1 Qg2 41. Ka3 Bd5 42. Kb2 a5 43. Qe3 Qf1 44. Qe1 Qd3 45. Qe3 Qd1 46. Bg3 b5 47. axb5 Qf1 48. Qc3 Be4 49. b6 Qb5 50. Qc5 Qd3 1/2-1/2

[Event "110th Anniversary WIM 2020"]
[Site "Hilleroed"]
[Date "2020.02.15"]
[Round "9.5"]
[White "Nilssen, Ellen Fredericia"]
[Black "Guindy, Esmat Susanne"]
[Result "1-0"]
[ECO "C01"]
[WhiteElo "2065"]
[BlackElo "2143"]
[Annotator "ChessBase"]
[PlyCount "95"]
[EventDate "2020.02.08"]
[EventType "tourn"]
[EventCountry "DEN"]
[SourceTitle "playchess.com"]
[Source "ChessBase"]
[SourceQuality "1"]
[TimeControl "40/5400+30:1800+30"]

1. e4 e6 2. d4 d5 3. exd5 exd5 4. Nf3 Bd6 5. c4 c6 6. Nc3 Nf6 7. c5 Bc7 8. Bd3 b6 9. cxb6 axb6 10. O-O O-O 11. Bg5 Ba6 12. Re1 Qd6 13. Bh4 Bxd3 14. Qxd3 Ra7 15. a3 h6 16. Rac1 Rc8 17. Ne5 Nfd7 18. Qf5 Rf8 19. Bg3 Nxe5 20. Bxe5 Qd8 21. Na2 Bxe5 22. Qxe5 Rd7 23. Nb4 Rd6 24. Qe7 Qxe7 25. Rxe7 Rc8 26. h3 c5 27. Rb7 Nd7 28. Nd3 Rd8 29. Rc7 c4 30. Nb4 Nf6 31. Re1 R6d7 32. Rc6 Rd6 33. Re7 Rxc6 34. Nxc6 Rd6 35. Ne5 Re6 36. Rb7 Ne4 37. Rb8+ Kh7 38. Nxf7 Nd2 39. Rh8+ Kg6 40. Ne5+ Kg5 41. Rg8 g6 42. Rf8 h5 43. Nf7+ Kf5 44. Nd8+ Rf6 45. g4+ hxg4 46. hxg4+ Kg5 47. f4+ Rxf4 48. Ne6+ 1-0